 Dungeon Crawl Stone Soup version 0.31-a0-190-g4feb4907b2 (webtiles) character file.

Game seed: 3313239920330706116

262 qw the Skirmisher (level 5, 0/30 HPs)
             Began as a Deep Elf Hunter on June 23, 2023.
             Slain by a scorpion (4 damage)
             ... on level 4 of the Dungeon.
             The game lasted 00:01:23 (3333 turns).

qw the Skirmisher (Deep Elf Hunter)                 Turns: 3333, Time: 00:01:23

Health: 0/30       AC:  6    Str: 10    XL:     5   Next: 97%
Magic:  7/7        EV: 11    Int: 14    God:
Gold:   191        SH:  0    Dex: 18    Spells: 4/4 levels left

rFire   . . .        Y - +0 shortbow
rCold   . . .        (shield currently unavailable)
rNeg    . . .        d - +0 ring mail
rPois   .            j - +0 helmet
rElec   .            (no cloak)
rCorr   .            (no gloves)
SInv    .            (no boots)
Will    .....        (no amulet)
Stlth   +            (no ring)
HPRegen 0.25/turn    (no ring)
MPRegen 0.10/turn

%: no passive effects
@: lethally poisoned (0 -> -6)
A: no striking features
a: no special abilities


You were on level 4 of the Dungeon.
You visited 1 branch of the dungeon, and saw 5 of its levels.

You collected 191 gold pieces.


   Skills:
 - Level 2.0 Fighting
 + Level 9.3 Ranged Weapons
 - Level 2.4 Dodging
 - Level 1.2 Stealth


You had 4 spell levels left.
You didn't know any spells.
Your spell library was empty.

Inventory:

Hand Weapons
 Y - a +0 shortbow (weapon)
Armour
 d - a +0 ring mail (worn)
 j - a +0 helmet (worn)
Scrolls
 b - a scroll of identify
Potions
 a - a potion of mutation
 c - a potion of enlightenment
 e - a potion of haste
 f - a potion of cancellation
 g - a potion of might
 k - a potion of curing {unknown}

Dungeon Overview and Level Annotations

Branches:
Dungeon (5/15)
 Temple: D:4-7

Altars:
Hepliaklqana
Nemelex Xobeh
Xom

Shops:
D:4 *


Message History

The scorpion stings you. x2
You climb upwards.
You feel sick.
There is a stone staircase leading down here.
You shoot an arrow. The arrow hits the scorpion.
The scorpion is moderately wounded.
You feel sick. The scorpion stings you.
The scorpion stings you but does no damage.
The scorpion stings you.
The scorpion stings you but does no damage.
3327 ||| DRINKING potion of heal wounds.
You feel much better.
You feel sick. The scorpion stings you. x2
You are more poisoned.
The scorpion poisons you!
You shoot an arrow. The arrow barely misses the scorpion.
You feel sick. The scorpion barely misses you. The scorpion closely misses you.
You shoot an arrow. The arrow barely misses the scorpion.
You feel very sick. The scorpion barely misses you. x2
You shoot an arrow. The arrow barely misses the scorpion.
You feel sick. The scorpion stings you.
The scorpion stings you but does no damage.
The scorpion stings you.
You are lethally poisoned!
The scorpion poisons you!
The scorpion stings you but does no damage.
You shoot an arrow. The arrow closely misses the scorpion.
You feel very sick. The scorpion stings you. The scorpion closely misses you.
You shoot an arrow. The arrow closely misses the scorpion.
You feel very sick. The scorpion closely misses you.
The scorpion barely misses you.
The scorpion stings you but does no damage.
You shoot an arrow.
The arrow hits the scorpion but does no damage.
The scorpion is moderately wounded.
You feel very sick. The scorpion closely misses you.
The scorpion barely misses you. The scorpion stings you.
You die...

######..####.#.#=.....#.##.#
#........#.#.#.####.##.#
#........#.#.#.........#
#..../....)#.#.####.####
#..........#.######.#
#..........#..?.....# ###
#............######## ..#
#.......#?#ss# ..#
#.......#...@# ..#
#.......###### ..# #.......#
.?# #.......#
..###.).....#########
#...................#
#.###....)..........#
#.#....###..........#
#.#.##.###..........#


You could see 2 scorpions.

Vanquished Creatures
  A scorpion (D:4)
  A hound (D:4)
  6 adders
  2 ufetubi (D:4)
  2 worms
  2 dart slugs
  10 orcs (D:3)
  6 endoplasms
  4 giant cockroaches
  8 goblins
  9 hobgoblins
  5 kobolds
  3 quokkas
  8 ball pythons
  8 bats
  3 frilled lizards (D:1)
  6 rats
84 creatures vanquished.

Notes
Turn   | Place    | Note
-------+----------+-------------------------------------------
     0 | D:1      | qw the Deep Elf Hunter began the quest for the Orb.
     0 | D:1      | Reached XP level 1. HP: 12/12 MP: 3/3
     0 | D:1      | 0 ||| qw: Version: 0.3-a-9-g12657ce
     0 | D:1      | 0 ||| qw: Game counter: 4500
     0 | D:1      | 0 ||| qw: Always use a shield: true
     0 | D:1      | 0 ||| qw: God list: Okawaru
     0 | D:1      | 0 ||| qw: Allow faded altars: false
     0 | D:1      | 0 ||| qw: Do Orc after D:15 true
     0 | D:1      | 0 ||| qw: Do second Lair branch before Depths: true
     0 | D:1      | 0 ||| qw: Lair rune preference: random
     0 | D:1      | 0 ||| qw: Plans: Normal
     0 | D:1      | 0 ||| PLANNING D:1-11
   100 | D:1      | Reached skill level 6 in Ranged Weapons
   100 | D:1      | Reached XP level 2. HP: 16/16 MP: 4/4
   456 | D:1      | Reached XP level 3. HP: 18/20 MP: 5/5
   588 | D:1      | 588 ||| UPGRADING to +0 ring mail.
   598 | D:1      | 598 ||| DROPPING +0 leather armour.
   599 | D:1      | 599 ||| READING scroll labelled QETYFR VIEWE.
   600 | D:1      | 600 ||| READING scroll labelled MUWAHEIWNUBB.
   601 | D:1      | 601 ||| READING scroll labelled YRUICZE BYTHE.
   602 | D:1      | 602 ||| READING scroll labelled LACELO KALITS.
   603 | D:1      | 603 ||| READING scroll labelled BOELOCVIOPI.
   604 | D:1      | 604 ||| DROPPING scroll of butterflies.
   722 | D:2      | Reached skill level 7 in Ranged Weapons
  1099 | D:2      | Reached XP level 4. HP: 25/25 MP: 6/6
  1529 | D:2      | 1529 ||| READING scroll labelled ECZASCHONNI.
  1534 | D:2      | 1534 ||| READING scroll labelled KECLEMEUTO.
  1535 | D:2      | 1535 ||| READING scroll labelled HEL YLEHITS.
  1536 | D:2      | 1536 ||| DRINKING 2 viscous silvery potions.
  1537 | D:2      | 1537 ||| READING 2 scrolls of identify.
  1537 | D:2      | 1537 ||| IDENTIFYING inky potion
  1576 | D:3      | 1576 ||| Stepping ~*~*~tactically~*~*~ (outnumbered).
  1597 | D:3      | 1597 ||| FLEEEEING.
  1598 | D:3      | 1598 ||| FLEEEEING.
  1603 | D:3      | 1603 ||| STAIRDANCE
  1642 | D:2      | 1642 ||| DRINKING 2 sedimented coppery potions.
  1909 | D:3      | Reached skill level 8 in Ranged Weapons
  1956 | D:3      | Found a shimmering altar of Xom.
  1992 | D:3      | Found a sparkling altar of Nemelex Xobeh.
  2445 | D:3      | 2445 ||| READING scroll labelled TYERINEYRE.
  2446 | D:3      | 2446 ||| READING scroll labelled SECYTT TANLUNOU.
  2447 | D:3      | 2447 ||| DRINKING 2 blue potions.
  2542 | D:4      | Reached XP level 5. HP: 29/29 MP: 7/7
  2656 | D:4      | Found a hazy altar of Hepliaklqana.
  2686 | D:4      | Reached skill level 9 in Ranged Weapons
  2794 | D:4      | Found Jasch's Elemental Accessories.
  3304 | D:4      | 3304 ||| UPGRADING to +0 helmet.
  3309 | D:4      | 3309 ||| DROPPING ring of flight.
  3310 | D:4      | 3310 ||| READING 3 scrolls of identify.
  3310 | D:4      | 3310 ||| IDENTIFYING golden potion
  3311 | D:4      | 3311 ||| READING 2 scrolls of identify.
  3311 | D:4      | 3311 ||| IDENTIFYING green potion
  3321 | D:5      | Entered Level 5 of the Dungeon
  3324 | D:5      | 3324 ||| STAIRDANCE
  3326 | D:4      | HP: 7/30 [scorpion (4)]
  3327 | D:4      | 3327 ||| DRINKING potion of heal wounds.
  3332 | D:4      | HP: 7/30 [poisoned by a scorpion]
  3333 | D:4      | Slain by a scorpion

Levels and vault maps discovered:
D:1:      amcnicky_arrival_feature_with_door, layout_basic
D:2:      layout_basic
D:3:      layout_basic, nemelex_altar_shiori, lemuel_crystal_altar
D:4:      layout_basic, nicolae_hepliaklqana_hazy_memory, nicolae_elemental_shop
D:5:      layout_rooms, lemuel_doored_altar, grunt_decor_one_mirror,
          minivault_1, uniq_eustachio, uniq_ijyb, uniq_edmund

Skill      XL: |  1  2  3  4  5 |
---------------+----------------+-----
Ranged Weapons | 6 7 8 9 |  9.3
Fighting       | 2 |  2.0
Dodging        | |  2.4
Stealth        | |  1.2

Action                     |  1- 3 |  4- 6 || total
---------------------------+-------+-------++-------
   Fire: Shortbow          |   120 |   173 ||   293
    Use: Scroll            |     5 |     8 ||    13
         Potion            |       |     4 ||     4
 Armour: Leather armour    |     4 |       ||     4
         Ring mail         |     7 |    31 ||    38
  Dodge: Dodged            |    21 |    51 ||    72

Table legend:
 A = Non-vault XP
 B = Vault XP
 C = Vault XP percentage of total XP
 D = Non-vault monster count
 E = Vault monster count
 F = Vault count percentage of total count
                 A         B        C        D         E       F
            +---------+---------+-------+---------+---------+-------
      Total |     375 |       0 |   0.0 |      84 |       0 |   0.0
            +---------+---------+-------+---------+---------+-------
        D:1 |      51 |       0 |   0.0 |      31 |       0 |   0.0
        D:2 |      58 |       0 |   0.0 |      16 |       0 |   0.0
        D:3 |      76 |       0 |   0.0 |      22 |       0 |   0.0
        D:4 |     190 |       0 |   0.0 |      15 |       0 |   0.0
            +---------+---------+-------+---------+---------+-------
